Map: Terraform LE (Void)

Players

Albusursus - Winner!

  • Race: Zerg Zerg
  • League: Gold

Javert

  • Race: Zerg Zerg
  • League: Gold

VOD

Have the link to the VOD?

Description

Time

  • Played on: Sept. 12, 2015, 11:55 p.m.
  • Length: 3:50
Show
View Real Time Build Order
Export as new Build Order

Albusursus Zerg - Winner!

Build Orders: Hatch First 

Get SALT Encoding   

  12  0:01  Drone  
  13  0:13  Overlord  
  13  0:19  Drone  
  14  0:31  Drone x2  
  16  0:35  Drone  
  17  0:46  Drone  
  18  0:57  Hatchery  
  18  1:02  Drone  
  18  1:05  Extractor  
  18  1:08  Drone  
  18  1:19  Spawning Pool  
  18  1:20  Drone  
  18  1:30  Drone  
  19  1:42  Drone  
  20  1:54  Drone  
  21  2:03  Drone  
  21  2:06  Metabolic Boost  
  22  2:10  Queen x2  
  22  2:12  Overlord  
  26  2:18  Zergling x2  
  26  2:22  Zergling x2  
  28  2:31  Baneling Nest, Zergling x4  
  28  2:33  Zergling x2  
  30  2:44  Zergling x4  
  32  2:56  Zergling x4  
  34  3:03  Zergling x2  
  34  3:05  Zergling x2  
  35  3:20  Overlord x2  
  35  3:30  Hatchery  
Show
View Real Time Build Order
Export as new Build Order

Javert Zerg 

Build Orders: Pool First 

Get SALT Encoding   

  12  0:01  Drone  
  13  0:09  Drone  
  14  0:17  Overlord  
  14  0:38  Spawning Pool  
  14  0:40  Drone  
  14  0:41  Drone  
  15  0:47  Drone  
  16  0:53  Drone  
  17  1:11  Hatchery  
  16  1:14  Drone  
  16  1:18  Extractor  
  16  1:26  Roach Warren  
  16  1:29  Drone  
  16  1:39  Queen  
  18  1:53  Overlord  
  18  2:07  Roach x2  
  22  2:12  Roach  
  24  2:22  Queen  
  24  2:29  Roach  
  28  2:34  Drone x3  
  31  2:56  Roach x2  
  35  2:59  Drone  
  35  3:00  Overlord  
  36  3:13  Overlord  
  36  3:23  Overlord x2  
  36  3:25  Drone x3  
Tags
 
Add a new tag
Caveats
  • Supply blocks, unpowered buildings, or Contaminate may cause inaccurate times.
  • Supply counts are checked every 10 seconds.